 Dungeon Crawl Stone Soup version 0.27-a0-1325-g58a489ad9e (webtiles) character file.

Game seed: 1544602354489929806

31241 Nattfarinn the Carver (level 13, -12/78 HPs)
             Began as a Deep Elf Conjurer on June 24, 2021.
             Was an Elder of Vehumet.
             Mangled by a boulder beetle (24 damage)
             ... on level 3 of the Lair of Beasts.
             The game lasted 01:07:15 (20078 turns).

Nattfarinn the Carver (Deep Elf Conjurer)          Turns: 20078, Time: 01:07:16

Health: -12/78     AC: 12    Str:  4    XL:     13   Next: 24%
Magic:  10/29      EV: 16    Int: 41    God:    Vehumet [****..]
Gold:   1164       SH:  5    Dex: 16    Spells: 12/32 levels left

rFire    . . .     SeeInvis .   a - +5 triple sword (flame)
rCold    x . .     Faith    .   (shield currently unavailable)
rNeg     . . .     Spirit   .   P - +1 robe of the Neverending Gods {rC- Int+4 Dex+3 Slay+4}
rPois    .         Reflect  +   I - +1 hat
rElec    .         Harm     .   x - +2 cloak
rCorr    +         Rampage  .   F - -1 pair of gloves of the Solstice {Int+8}
Will     ++...                  (no boots)
Stlth    ++........             y - amulet of reflection
HPRegen  0.23/turn              s - +4 ring of protection
MPRegen  0.21/turn              M - ring of the Devil {Will+ rCorr}

@: studying Invocations
A: no striking features
a: Renounce Religion


You were on level 3 of the Lair of Beasts.
You worshipped Vehumet.
Vehumet was greatly pleased with you.
You visited 3 branches of the dungeon, and saw 14 of its levels.

You collected 1164 gold pieces.

Inventory:

Hand Weapons
 a - a +5 triple sword of flaming (weapon)
 D - a +8 scimitar of flaming
Missiles
 H - 3 throwing nets
Armour
 x - a +2 cloak (worn)
 F - the -1 pair of gloves of the Solstice (worn) {Int+8}
   (You acquired it on level 2 of the Lair of Beasts)

   It affects your intelligence (+8).
 I - a +1 hat (worn)
 P - the +1 robe of the Neverending Gods (worn) {rC- Int+4 Dex+3 Slay+4}
   (You took it off an efreet on level 9 of the Dungeon)

   It affects your intelligence (+4).
   It affects your dexterity (+3).
   It affects your accuracy and damage with ranged weapons and melee attacks
   (+4).
   It makes you vulnerable to cold.
 Y - a +0 buckler
Magical Staves
 V - a staff of conjuration
Jewellery
 q - a ring of positive energy
 r - an amulet of regeneration
 s - a +4 ring of protection (left hand)
 y - an amulet of reflection (around neck)
 M - the ring of the Devil (right hand) {Will+ rCorr}
   (You took it off an efreet on level 9 of the Dungeon)

   [ring of resist corrosion]

   It protects you from acid and corrosion.
   It increases your willpower.
 R - a +4 ring of evasion
 W - a ring of ice
Wands
 d - a wand of digging (11)
 k - a wand of charming (12)
 n - a wand of iceblast (19)
 C - a wand of paralysis (17)
 G - a wand of polymorph (13)
 Z - a wand of flame (24)
Scrolls
 e - a scroll of torment
 p - a scroll of summoning
 t - 8 scrolls of immolation
 A - 5 scrolls of enchant armour
 B - 6 scrolls of teleportation
 J - a scroll of amnesia {unknown}
 X - a scroll of magic mapping
Potions
 b - 2 potions of degeneration {unknown}
 c - 4 potions of haste
 f - 6 potions of flight
 g - 3 potions of curing
 h - a potion of might {unknown}
 i - 2 potions of magic {unknown}
 j - 2 potions of berserk rage
 l - 3 potions of heal wounds
 m - a potion of brilliance {unknown}
 o - a potion of invisibility {unknown}
 v - 3 potions of cancellation {unknown}
 E - 8 potions of ambrosia
 L - 4 potions of lignification
 N - 3 potions of mutation {unknown}
Miscellaneous
 Q - a condenser vane (inert)
 U - a box of beasts


   Skills:
 - Level 8.0 Fighting
 + Level 10.9 Long Blades
 - Level 8.8 Armour
 - Level 8.7 Dodging
 - Level 2.4 Stealth
 - Level 10.1 Spellcasting
 * Level 10.9 Conjurations


You had 12 spell levels left.
You knew the following spells:

 Your Spells              Type           Power      Damage    Failure   Level
a - Magic Dart            Conj           100%       1d8       0%          1
b - Searing Ray           Conj           100%       3d7       1%          2
c - Frozen Ramparts       Ice            40%        1d6       1%          3
d - Hailstorm             Conj/Ice       60%        3d13      1%          4
e - Iskenderun's Mystic   Conj/Tloc      60%        2d13      1%          4
f - Foxfire               Conj/Fire      100%       2x1d9     1%          1
g - Freeze                Ice            80%        1d9       1%          1
h - Airstrike             Air            10%        N/A       4%          4

Your spell library contained the following spells:

 Spells                   Type           Power      Damage    Failure   Level
 Conjure Flame            Conj/Fire      60%        6-21      1%          3
 Beastly Appendage        Tmut           40%        N/A       1%          1
 Shock                    Conj/Air       100%       1d9       1%          1
 Static Discharge         Conj/Air       60%        N/A       1%          2
 Dazzling Flash           Conj/Hex       100%       N/A       1%          3
 Fulminant Prism          Conj/Hex       30%        3d16      1%          4
 Lightning Bolt           Conj/Air       30%        1d47      1%          5
 Wereblood                Tmut           20%        N/A       2%          2
 Confusing Touch          Hex            20%        N/A       4%          3
 Gell's Gravitas          Tloc           10%        N/A       4%          3
 Ozocubu's Armour         Ice            20%        N/A       4%          3
 Spider Form              Tmut/Pois      10%        N/A       4%          3
 Swiftness                Air            20%        N/A       4%          3
 Yara's Violent Unravell  Hex/Tmut       10%        3d6       12%         5
 Ice Form                 Ice/Tmut       20%        N/A       16%         4
 Petrify                  Tmut/Erth      20%        N/A       16%         4
 Metabolic Englaciation   Hex/Ice        10%        N/A       41%         5
 Lehudib's Crystal Spear  Conj/Erth      30%        10d8      93%         8
 Chain Lightning          Conj/Air       30%        3d40      100%        9
 Fire Storm               Conj/Fire      30%        8d8       100%        9
 Polar Vortex             Ice            10%        N/A       100%        9


Dungeon Overview and Level Annotations

Branches:
Dungeon (10/15)            Temple (1/1) D:5            Lair (3/6) D:10
    Orc (0/2) D:9
  Swamp: Lair:2-4    Shoals: Lair:2-4     Snake: Lair:2-4    Spider: Lair:2-4

Altars:
Ashenzari
Cheibriados
Dithmenos
Elyvilon
Fedhas
Gozag
Hepliaklqana
Kikubaaqudgha
Makhleb
Nemelex Xobeh
Okawaru
Qazlal
Ru
Sif Muna
Trog
Uskayaw
Vehumet
Wu Jian
Xom
Yredelemnul
Zin
The Shining One

Shops:
D:2 !   D:5 :

Annotations:
D:7 1 runed translucent door, Crazy Yiuf


Message History

The boulder beetle is heavily wounded.
The foxfire hits the boulder beetle but does no damage.
The boulder beetle is heavily wounded.
The boulder beetle hits you but does no damage.
The boulder beetle stops rolling and uncurls.
You hit the boulder beetle. You burn the boulder beetle.
The boulder beetle is heavily wounded.
The frozen ramparts melt away.
The boulder beetle bites you!!
You hit the boulder beetle but do no damage.
The boulder beetle is heavily wounded.
The boulder beetle bites you!
The boulder beetle bites you but does no damage.
You hit the boulder beetle but do no damage.
The boulder beetle is heavily wounded.
The boulder beetle misses you.
You slash the boulder beetle! You burn the boulder beetle.
The boulder beetle is heavily wounded.
You block the boulder beetle's attack.
Casting: Hailstorm (safe; 1% risk of failure)
Confirm with . or Enter, or press ? or * to list all spells.
You erupt in a blast of force!
The mystic blast hits the boulder beetle but does no damage.
The boulder beetle is heavily wounded.
The boulder beetle leaps!
This spell is dangerous to cast!
Memorise Lightning Bolt, consuming 5 spell levels and leaving 7?
The boulder beetle leaps!
You start memorising the spell.
You continue memorising. x3
The boulder beetle curls into a ball and begins rolling!
You continue memorising.
The boulder beetle hits you!!
Your memorisation is interrupted.
* * * LOW HITPOINT WARNING * * *
The boulder beetle stops rolling and uncurls.
Casting: Iskenderun's Mystic Blast (safe; 1% risk of failure)
Confirm with . or Enter, or press ? or * to list all spells.
You erupt in a blast of force!
The mystic blast hits the boulder beetle but does no damage.
The boulder beetle is heavily wounded.
The boulder beetle bites you!!
You die...

....#......#............+[
....###.⌠..#....$.........
#..## ##.###..⌠...#.#####
...## ##.......###.. ....#
####.....B....#.. ..♣P#
##..#.##...⌠...... ......
#......##......#.P ...P..
.#.......##.......# ......
#......°B@..#...### ....♣.
#............#.## ....P.
...>............# ......
#...............# .....
...............## P...
..............## ..
..............# ##### ..
.............## ##.#.## .P
#.#...#.....## #.<...###


You could see a boulder beetle.

Vanquished Creatures
  Gastronok (D:9)
  3 hydras
  Fannar (Lair:1)
  Erica (D:8)
  Harold (D:9)
  A boulder beetle (D:9)
  4 two-headed ogres
  A wizard (D:9)
  An ugly thing (D:9)
  3 cyclopes (D:9)
  A manticore (D:9)
  A black mamba (Lair:3)
  Joseph (Lair:1)
  8 cane toads
  3 rime drakes
  4 komodo dragons
  2 efreet (D:9)
  A queen bee (D:9)
  A meliai (D:9)
  3 trolls (D:9)
  3 hornets
  11 blink frogs
  4 wyverns
  4 wraiths (D:9)
  3 basilisks
  19 yaks
  A steam dragon (D:9)
  Grum (Lair:1)
  A vampire mosquito (D:9)
  13 water moccasins
  3 black bears
  3 orc warriors
  A sky beast (D:5)
  2 ice beasts
  2 ogres
  A necrophage (D:6)
  7 wolves
  2 centaurs (D:8)
  4 kobold brigands
  7 bullfrogs
  4 scorpions
  A water moccasin zombie (D:5)
  27 killer bees (D:9)
  6 wights
  4 howler monkeys
  3 centaur zombies
  2 hounds
  9 orc priests
  A jelly (D:6)
  2 centaur skeletons
  A bullfrog skeleton (D:5)
  Terence (D:2)
  3 iguanas (D:5)
  7 orc wizards
  A scorpion zombie (D:5)
  A killer bee zombie (D:7)
  7 gnolls
  2 howler monkey zombies
  8 adders
  A shadow imp (D:6)
  A white imp (D:6)
  An ufetubus (D:5)
  An adder skeleton (D:4)
  2 worms
  A dart slug (D:1)
  32 orcs
  2 bats
  9 endoplasms
  2 giant cockroaches (D:3)
  10 goblins
  7 hobgoblins
  2 quokkas
  A ball python (D:1)
  2 frilled lizards
  14 kobolds
  2 rats (D:1)
314 creatures vanquished.

Vanquished Creatures (others)
  A yak (D:9)
  A howler monkey (D:9)
  A quokka (D:9)
  29 foxfires
  4 fungi
  4 plants (Lair:3)
40 creatures vanquished.

Grand Total: 354 creatures vanquished

Notes
Turn   | Place    | Note
-------+----------+-------------------------------------------
     0 | D:1      | Nattfarinn the Deep Elf Conjurer began the quest for the
                  | Orb.
     0 | D:1      | Reached XP level 1. HP: 10/10 MP: 6/6
   263 | D:1      | Reached XP level 2. HP: 10/15 MP: 3/8
  1076 | D:2      | Found Vyfuq's Distillery.
  1216 | D:2      | Reached XP level 3. HP: 19/19 MP: 4/10
  1358 | D:2      | Noticed Terence
  1363 | D:2      | Learned a level 2 spell: Searing Ray
  1381 | D:2      | Killed Terence
  1892 | D:2      | Reached XP level 4. HP: 24/24 MP: 8/12
  2165 | D:3      | Noticed a scorpion
  2181 | D:3      | Killed a scorpion
  2182 | D:3      | Reached skill level 5 in Spellcasting
  2182 | D:3      | Reached skill level 5 in Conjurations
  2182 | D:3      | Reached XP level 5. HP: 6/28 MP: 0/14
  2858 | D:3      | Found a faded altar of an unknown god.
  3438 | D:4      | Reached XP level 6. HP: 32/32 MP: 14/17
  4664 | D:5      | Entered Level 5 of the Dungeon
  4673 | D:5      | Reached skill level 5 in Dodging
  4673 | D:5      | Reached XP level 7. HP: 36/36 MP: 13/19
  4798 | D:5      | Found Robrumen's Book Shop.
  4847 | D:5      | Identified the +1 leather armour "Ugebrize" {Harm rN+ Str+4
                  | Dex+2}
  5178 | D:5      | Found a staircase to the Ecumenical Temple.
  5187 | Temple   | Entered the Ecumenical Temple
  5807 | D:5      | Reached XP level 8. HP: 12/41 MP: 7/23
  6486 | D:5      | Reached skill level 10 in Spellcasting
  6782 | D:6      | Noticed a two-headed ogre
  6794 | D:6      | Reached skill level 1 in Fighting
  6797 | D:6      | Killed a two-headed ogre
  6798 | D:6      | Reached XP level 9. HP: 21/49 MP: 8/25
  6990 | D:6      | Learned a level 3 spell: Frozen Ramparts
  8120 | D:7      | Found a shimmering altar of Xom.
  8358 | D:7      | Found a runed translucent door.
  8359 | D:7      | Noticed Crazy Yiuf
  8882 | D:8      | Found a glowing silver altar of Zin.
  8959 | D:8      | Learned a level 4 spell: Hailstorm
  9300 | D:8      | Noticed a cyan ugly thing
  9620 | D:7      | Learned a level 4 spell: Iskenderun's Mystic Blast
  9883 | D:8      | Found a hide-covered altar of Uskayaw.
  9883 | D:8      | Found a radiant altar of Vehumet.
  9887 | D:8      | Found a burning altar of Makhleb.
  9893 | D:8      | Became a worshipper of Vehumet
  9944 | D:8      | Paralysed by a hornet for 1 turns
 10139 | D:8      | Noticed Erica
 10164 | D:8      | Paralysed by something for 3 turns
 10169 | D:8      | Killed Erica
 10170 | D:8      | Reached skill level 5 in Fighting
 10170 | D:8      | Reached skill level 10 in Conjurations
 10170 | D:8      | Reached XP level 10. HP: 35/59 MP: 10/26
 10430 | D:8      | Reached skill level 1 in Long Blades
 10962 | D:9      | Paralysed by a hornet for 2 turns
 11176 | D:9      | Noticed a two-headed ogre
 11191 | D:9      | Killed a two-headed ogre
 11281 | D:9      | Noticed a two-headed ogre
 11292 | D:9      | Killed a two-headed ogre
 11420 | D:9      | Found a white marble altar of Elyvilon.
 11512 | D:9      | Reached skill level 5 in Long Blades
 11540 | D:9      | Found a staircase to the Orcish Mines.
 11734 | D:9      | Reached * piety under Vehumet
 11734 | D:9      | Offered knowledge of Foxfire by Vehumet.
 12063 | D:9      | Noticed Harold
 12260 | D:9      | Noticed a manticore
 12266 | D:9      | Killed a manticore
 12267 | D:9      | Reached XP level 11. HP: 66/66 MP: 21/27
 12573 | D:9      | Noticed a two-headed ogre
 12599 | D:9      | Killed a two-headed ogre
 12784 | D:9      | Noticed Gastronok
 12797 | D:9      | Killed Gastronok
 12924 | D:9      | Noticed a cyan ugly thing
 12930 | D:9      | Learned a level 1 spell: Foxfire
 12993 | D:9      | Killed Harold
 13153 | D:9      | Reached ** piety under Vehumet
 13353 | D:9      | Offered knowledge of Shock by Vehumet.
 13506 | D:9      | Reached skill level 1 in Armour
 13585 | D:9      | Killed a cyan ugly thing
 13615 | D:9      | Identified the +1 robe of the Neverending Gods {rC- Int+4
                  | Dex+3 Slay+4}
 13615 | D:9      | Identified the ring of the Devil {Will+ rCorr}
 13619 | D:9      | Learned a level 1 spell: Freeze
 13812 | D:9      | Reached XP level 12. HP: 51/73 MP: 13/28
 14044 | D:9      | Learned a level 4 spell: Airstrike
 14256 | D:9      | Noticed a boulder beetle
 14268 | D:9      | Killed a boulder beetle
 14269 | D:9      | Reached skill level 5 in Armour
 14576 | D:10     | Entered Level 10 of the Dungeon
 14774 | D:10     | Found a staircase to the Lair.
 14779 | D:10     | Offered knowledge of Inner Flame by Vehumet.
 14890 | D:10     | Reached *** piety under Vehumet
 15292 | D:10     | Identified the +2 quarterstaff of Raicacke {drain, rN+
                  | rCorr Str+2 Dex-2}
 15464 | Lair:1   | Entered Level 1 of the Lair of Beasts
 15773 | Lair:1   | Noticed Fannar
 15804 | Lair:1   | Killed Fannar
 16090 | Lair:1   | Noticed a five-headed hydra
 16103 | Lair:1   | Killed a five-headed hydra
 16167 | Lair:1   | Noticed a five-headed hydra
 16174 | Lair:1   | Killed a five-headed hydra
 16175 | Lair:1   | Reached skill level 10 in Long Blades
 16449 | Lair:1   | Noticed Grum
 16470 | Lair:1   | Killed Grum
 16740 | Lair:1   | Noticed Joseph
 16752 | Lair:1   | Killed Joseph
 17695 | Lair:2   | Offered knowledge of Conjure Flame by Vehumet.
 17932 | Lair:2   | Reached XP level 13. HP: 72/78 MP: 29/29
 17958 | Lair:2   | Identified 2 scrolls of acquirement
 17963 | Lair:2   | Acquired a +4 triple sword of flaming
 17964 | Lair:2   | Acquired the -1 pair of gloves of the Solstice {Int+8}
 19406 | Lair:3   | Reached **** piety under Vehumet
 20078 | Lair:3   | Mangled by a boulder beetle

Illustrated notes

Levels and vault maps discovered:
D:1:      lemuel_arrival_behind_the_door_small, layout_basic
D:2:      layout_loops_corners, serial_shops, nicolae_shop_stone, uniq_terence
D:3:      layout_loops_ring, shapermc_ecumenical_altar_starsandcircs,
          chequers_serial_rivers_micro_d, hex_large
D:4:      layout_basic, lemuel_flame_loot_1
D:5:      layout_basic, minmay_temple_entry_mini_moons, serial_shops,
          shop_statue, minmay_puff
D:6:      layout_loops_cross, minmay_misc_feat_ornament
D:7:      layout_basic, kennysheep_little_box, uniq_crazy_yiuf_cottage
D:8:      layout_gridville, minitemple, old_standard_altar,
          minmay_manual_monstrance, uniq_erica
D:9:      minmay_the_grid_square_5x5_4x4
          [minmay_the_grid_square_5x5_doubleslash,
          minmay_the_grid_square_5x5_intrusive_squares,
          minmay_the_grid_square_5x5_tri_point,
          minmay_the_grid_square_5x5_minibox,
          minmay_the_grid_square_5x5_shuriken,
          minmay_the_grid_square_5x5_prize_junk,
          minmay_the_grid_square_5x5_prize_pseudospiral,
          minmay_the_grid_square_5x5_seven, minmay_the_grid_square_5x5_n,
          minmay_the_grid_square_5x5_prize_open,
          minmay_the_grid_square_5x5_prize_snowflake,
          minmay_the_grid_square_5x5_shrine1,
          minmay_the_grid_square_5x5_two_walls_b,
          minmay_the_grid_square_5x5_broken_cross,
          minmay_the_grid_square_5x5_two_small,
          minmay_the_grid_square_5x5_gyroscope], layout_basic, elyvilon_altar_4,
          orc_0_dummy, special_room [special_room_bee], uniq_harold,
          uniq_gastronok
D:10:     layout_roguey, david_lair_generic
Temple:   eino_temple_scatter_basement
Lair:1:   layout_small_grid, st_stairs_8, serial_bayou_pond_c,
          grunt_megastairs_4, uniq_grum, uniq_fannar, uniq_joseph
Lair:2:   layout_gridlike
Lair:3:   layout_cave_pods, grunt_forest_large_clearing_hut, grunt_megastairs_3

Skill      XL: |  1  2  3  4  5  6  7  8  9 10 11 12 |
---------------+-------------------------------------+-----
Spellcasting   | 4 5 6 7 9 10 | 10.1
Dodging        | 3 4 5 6 7 8 |  8.7
Conjurations   | 5 6 8 10 | 10.9
Fighting       | 2 5 6 8 |  8.0
Long Blades    | 6 9 10 | 10.9
Armour         | 3 8 |  8.8
Stealth        | |  2.4

Action                   |  1- 3 |  4- 6 |  7- 9 | 10-12 | 13-15 || total
-------------------------+-------+-------+-------+-------+-------++-------
Melee: Unarmed           |       |     1 |       |       |       ||     1
       Dagger            |       |     7 |     5 |       |       ||    12
       Great sword       |       |       |     4 |       |       ||     4
       Scimitar          |       |       |       |   108 |     1 ||   109
       Triple sword      |       |       |       |       |    44 ||    44
 Cast: Magic Dart        |    55 |    69 |   113 |     8 |       ||   245
       Searing Ray       |     3 |    21 |    40 |    69 |    16 ||   149
       Frozen Ramparts   |       |       |    10 |    47 |     6 ||    63
       Hailstorm         |       |       |     8 |    29 |    10 ||    47
       Iskenderun's Myst |       |       |     3 |    26 |    11 ||    40
       Foxfire           |       |       |       |    15 |     4 ||    19
       Airstrike         |       |       |       |     5 |       ||     5
       Freeze            |       |       |       |     3 |       ||     3
Evoke: Wand              |       |       |       |    11 |       ||    11
       Condenser vane    |       |       |       |     1 |       ||     1
  Use: Scroll            |       |       |    12 |     5 |    10 ||    27
       Potion            |       |       |     2 |     3 |     4 ||     9
 Stab: Distracted        |       |     1 |       |       |       ||     1
       Sleeping          |       |       |       |     2 |     2 ||     4
       Confused          |       |       |       |     1 |       ||     1
Armor: Robe              |       |     3 |    15 |    58 |    20 ||    96
       Troll leather arm |       |       |       |     1 |       ||     1
Dodge: Dodged            |     2 |    16 |    72 |   144 |    46 ||   280
Block: Other             |       |       |     8 |    66 |    10 ||    84
       Reflection        |       |       |       |     5 |       ||     5
       Rpst.: Great sword |       |       |     4 |       |       ||     4
       Scimitar          |       |       |       |    39 |     1 ||    40
       Triple sword      |       |       |       |       |     8 ||     8

Table legend: (Time is in decaauts)
 A = Elapsed time spent in this place.
 B = Non-inter-level travel time spent in this place.
 C = Inter-level travel time spent in this place.
 D = Time resting spent in this place.
 E = Time spent auto-exploring this place.
 F = Levels seen in this place.
 G = Mean time per level.
                   A        B        C        D        E       F      G
               +--------+--------+--------+--------+--------+-----+--------+
         Total |  20124 |  19502 |    622 |   6333 |  11123 |  14 | 1437.4 |
       Dungeon |  15292 |  14806 |    486 |   4764 |   8510 |  10 | 1529.2 |
        Temple |    201 |    179 |     22 |      0 |    179 |   1 |  201.0 |
          Lair |   4630 |   4516 |    114 |   1569 |   2434 |   3 | 1543.3 |
               +--------+--------+--------+--------+--------+-----+--------+

Top non-repeatable levels by time:
     D:9: 3721 daAuts
     D:8: 1832 daAuts
     D:5: 1722 daAuts
  Lair:2: 1648 daAuts
  Lair:1: 1634 daAuts
     D:7: 1458 daAuts
     D:4: 1404 daAuts
  Lair:3: 1347 daAuts
     D:3: 1262 daAuts
     D:2: 1051 daAuts
     D:6: 1008 daAuts
     D:1: 943 daAuts
    D:10: 885 daAuts
  Temple: 201 daAuts
